 Dungeon Crawl Stone Soup version 0.25.0-46-gbd7b085 (webtiles) character file.

Game seed: 4945275624737297199

41 sauken the Skirmisher (level 3, -9/28 HPs)
             Began as a Demonspawn Fire Elementalist on July 13, 2020.
             Mangled by a gnoll
             ... wielding a +0 halberd of venom
              (10 damage)
             ... on level 2 of the Dungeon.
             The game lasted 00:05:22 (1812 turns).

sauken the Skirmisher (DsFE)                        Turns: 1812, Time: 00:05:23

Health: -9/28      AC:  3    Str:  9    XL:     3   Next: 32%
Magic:  6/6        EV: 12    Int: 16    God:
Gold:   32         SH:  0    Dex: 13    Spells: 5/6 levels left

rFire    . . .     SeeInvis .   d - +0 hand axe
rCold    . . .     Gourm    .   (no shield)
rNeg     . . .     Faith    .   a - +0 robe
rPois    .         Spirit   .   (no helmet)
rElec    .         Reflect  .   (no cloak)
rCorr    .         Harm     .   (no gloves)
MR       .....                  h - +0 pair of boots
Stlth    ++........             (no amulet)
HPRegen  0.09/turn              (no ring)
MPRegen  0.10/turn              (no ring)

@: lethally poisoned (-9 -> -27), flying
A: talons 1
a: no special abilities


You were on level 2 of the Dungeon.
You were hungry.

You visited 1 branch of the dungeon, and saw 2 of its levels.

You collected 32 gold pieces.

Inventory:

Hand Weapons
 b - a +0 club
   (You took it off a hobgoblin on level 1 of the Dungeon)
 d - a +0 hand axe (weapon)
   (You found it on level 1 of the Dungeon)
Missiles
 g - 38 stones (quivered)
Armour
 a - a +0 robe (worn)
 h - a +0 pair of boots (worn)
   (You found it on level 1 of the Dungeon)
Scrolls
 e - 2 scrolls of identify
 f - 3 scrolls of remove curse {unknown}
 j - a scroll of blinking {unknown}
 l - 2 scrolls of amnesia
 m - a scroll of enchant weapon {unknown}
Potions
 k - a potion of flight
Comestibles
 c - 5 rations
 i - 6 chunks of flesh {@w0}


   Skills:
 + Level 2.9 Fighting
 - Level 1.8 Dodging
 - Level 1.8 Stealth
 - Level 2.0 Spellcasting
 - Level 1.0 Conjurations
 - Level 2.7 Fire Magic


You had 5 spell levels left.
You knew the following spells:

 Your Spells              Type           Power        Failure   Level  Hunger
a - Foxfire               Conj/Fire      #...         10%         1    #......

Your spell library contained the following spells:

 Spells                   Type           Power        Failure   Level  Hunger
 Conjure Flame            Conj/Fire      #.......     28%         3    ###....
 Inner Flame              Hex/Fire       #.......     34%         3    ###....
 Sticky Flame             Conj/Fire      #.......     67%         4    #####..
 Fireball                 Conj/Fire      #.........   95%         5    ######.


Dungeon Overview and Level Annotations

Branches:
Dungeon (2/15)

Altars:
Dithmenos


Innate Abilities, Weirdness & Mutations

You have sharp toenails.


Message History

The frilled lizard hisses angrily.
MP restored: 6 A frilled lizard is nearby!
Sorry, you're not good enough to have a special ability.
Unknown command.
You conjure some foxfire!
You now have 5/6 mp.
The foxfire hits the frilled lizard.
You kill the frilled lizard!
A quokka comes into view.
You conjure some foxfire!
You now have 4/6 mp.
The foxfire hits the quokka.
You hit the quokka. The quokka misses you.
You hit the quokka.
You kill the quokka!
You see here a quokka corpse.
You start resting.
Some of the chunks of flesh in your inventory have rotted away.
MP restored: 6 You butcher the quokka corpse.
i - 5 chunks of flesh {@w0} (gained 1)
You see here a quokka skeleton. x2
f - 3 scrolls labeled WASON QOHUSS (gained 1)
Found an escape hatch in the ceiling.
There is an escape hatch in the ceiling here.
A worm comes into view.
You see here a scroll labeled LOMOISEFEA.
l - 2 scrolls labeled LOMOISEFEA (gained 1)
You miscast Foxfire.
You are very lightly contaminated with residual magic.
Nothing appears to happen.
You now have 5/6 mp.
You conjure some foxfire!
You now have 4/6 mp.
There is an escape hatch in the ceiling here.
The foxfire hits the worm. x2
You conjure some foxfire!
Some of the chunks of flesh in your inventory have rotted away.
You now have 3/6 mp.
The foxfire hits the worm but does no damage.
There is an escape hatch in the ceiling here.
You conjure some foxfire!
The foxfire hits the worm but does no damage.
You now have 2/6 mp.
The foxfire hits the worm. x2
You conjure some foxfire!
You now have 1/6 mp.
The foxfire hits the worm.
You conjure some foxfire!
The foxfire hits the worm.
You now have 1/6 mp.
Unknown command.
The foxfire hits the worm. x2
You conjure some foxfire!
You now have 0/6 mp.
The foxfire hits the worm.
You kill the worm!
A worm comes into view.
You see here a worm corpse.
You butcher the worm corpse.
You see here 2 chunks of flesh {@w0}.
i - 6 chunks of flesh {@w0} (gained 2)
Your magical contamination has completely faded away.
Found a stone staircase leading down.
There is a stone staircase leading up, spattered with blood here.
You are feeling hungry.
The gnoll shouts!
The gnoll hits you from afar with a +0 halberd of venom!
You are lethally poisoned!
You take 11 damage, and have 17/28 hp.
MASSIVE DAMAGE!!
Okay, then.
Okay, then.
Unknown command.
Okay, then.
Okay, then.
As you read the scroll labeled ACOC INU OFUX, it crumbles to dust.
It is a scroll of identify.
l - 2 scrolls of amnesia You feel sick.
The gnoll shouts!
The gnoll hits you from afar with a +0 spear!
The gnoll barely misses you.
You take 8 damage, and have 9/28 hp.
MASSIVE DAMAGE!!
MP restored: 6
Okay, then.
Okay, then.
* * * LOW HITPOINT WARNING * * *
You feel sick.
You take 2 damage, and have 7/28 hp.
It was a potion of flight.
You feel very buoyant.
You fly up into the air.
* * * LOW HITPOINT WARNING * * *
You feel sick.
The gnoll hits you from afar with a +0 spear.
* * * LOW HITPOINT WARNING * * *
The gnoll hits you from afar with a +0 halberd of venom!
You die...

..............................#
...........#..................#
..............................#
#....#....<......g......#.....# #
......####....##........#.....#.#
......# #.................<....#
......# #......g.g.#..........##
....... #...รท.................#
........ #......@.w..###.......#
........ #...........# #########
.....g############...# #...#
#####


You could see a worm and 3 gnolls.

Vanquished Creatures
  A gnoll (D:2)
  4 worms (D:2)
  A dart slug (D:1)
  A ball python (D:2)
  2 bats (D:2)
  A giant cockroach (D:2)
  4 hobgoblins
  A quokka (D:2)
  2 frilled lizards (D:2)
  2 rats
19 creatures vanquished.

Vanquished Creatures (others)
  65 foxfires
65 creatures vanquished.

Grand Total: 84 creatures vanquished

Notes
Turn   | Place    | Note
-------+----------+-------------------------------------------
     0 | D:1      | sauken the Demonspawn Fire Elementalist began the quest for
                  | the Orb.
     0 | D:1      | Reached XP level 1. HP: 13/13 MP: 3/3
   342 | D:1      | Reached skill level 1 in Fighting
  1061 | D:2      | Gained mutation: You have sharp toenails. [demonic
                  | ancestry]
  1061 | D:2      | Reached XP level 2. HP: 16/21 MP: 3/5
  1401 | D:2      | Reached skill level 2 in Fighting
  1554 | D:2      | Found a shadowy altar of Dithmenos.
  1575 | D:2      | Reached XP level 3. HP: 27/28 MP: 0/6
  1811 | D:2      | HP: 7/28 [poisoned by a gnoll]
  1812 | D:2      | HP: 1/28 [gnoll/+0 spear (5)]
  1812 | D:2      | Mangled by a gnoll

Illustrated notes

Levels and vault maps discovered:
D:1:      lemuel_arrival_rhombus, layout_basic
D:2:      layout_basic, nicolae_dithmenos_shadow_blocks,
          gammafunk_temple_overflow_wave, first_ration

Skill      XL: |  1  2 |
---------------+-------+-----
Fighting       | 1 2 |  2.9
Dodging        | |  1.8
Stealth        | |  1.8
Spellcasting   | |  2.0
Conjurations   | |  1.0
Fire Magic     | |  2.7

Action                   || total
-------------------------++-------
Melee: Hand axe          ||    25
Throw: Stone             ||     1
 Cast: Foxfire           ||    44
  Use: Scroll            ||     1
       Potion            ||     1
  Eat: Chunk             ||     3
Armor: Robe              ||     7
Dodge: Dodged            ||    30

Levels and vault maps discovered:
D:1:      lemuel_arrival_rhombus, layout_basic
D:2:      layout_basic, nicolae_dithmenos_shadow_blocks,
          gammafunk_temple_overflow_wave, first_ration

Table legend:
 A = Turns spent in this place as a percentage of turns spent in the entire game.
 B = Non-inter-level travel turns spent in this place as a percentage of non-inter-level travel turns spent in the entire game.
 C = Inter-level travel turns spent in this place as a percentage of turns spent in this place.
 D = Turns resting spent in this place as a percentage of non-inter-level travel turns spent in this place.
 E = Turns spent auto-exploring this place as a percentage of non-inter-level travel turns spent in this place.
 F = Non-inter-level travel turns spent in this place divided by the number of levels of this place that you've seen.
                   A       B       C       D       E      F
               +-------+-------+-------+-------+-------+----------------------
         Total | 100.0 | 100.0 |   8.0 |  22.4 |  53.9 | 833.5
       Dungeon | 100.0 | 100.0 |   8.0 |  22.4 |  53.9 | 833.5
               +-------+-------+-------+-------+-------+----------------------

Table legend:
 A = Kills in this place as a percentage of kills in entire the game.
 B = Kills by you in this place as a percentage of kills by you in the entire game.
 C = Kills by friends in this place as a percentage of kills by friends in the entire game.
 D = Other kills in this place as a percentage of other kills in the entire game.
 E = Experience gained in this place as a percentage of experience gained in the entire game.
 F = Experience gained in this place divided by the number of levels of this place that you have seen.
                   A       B       C       D       E      F
               +-------+-------+-------+-------+-------+----------------------
         Total | 100.0 | 100.0 |   N/A |   N/A | 100.0 |  29.5
       Dungeon | 100.0 | 100.0 |   N/A |   N/A | 100.0 |  29.5
               +-------+-------+-------+-------+-------+----------------------
